 Dungeon Crawl Stone Soup version 0.31.0-11-ge490571c62 (webtiles) character file.

Game seed: 3758820205345396810

110829 browni3141 the Severer (level 16, 0/157 HPs)
             Began as a Minotaur Fighter on Jan 28, 2024.
             Was a High Priest of Okawaru.
             Slain by a ghost moth (2 damage)
             ... on level 4 of the Spider Nest.
             The game lasted 00:18:27 (22467 turns).

browni3141 the Severer (Minotaur Fighter)          Turns: 22467, Time: 00:18:27

Health: 0/157      AC: 21    Str: 27 (28) XL:     16   Next: 8%
Magic:  4/23       EV: 15    Int:  1 (3)  God:    Okawaru [*****.]
Gold:   1666       SH: 16    Dex:  9      Spells: 15/15 levels left

rFire   + . .        i - +8 broad axe of Radicalism {venom, Str+2}
rCold   . . .        e - +2 kite shield
rNeg    + . .        U - +2 chain mail {rPois}
rPois   +            b - +0 hat of Moral Flaws {rF+ Int-3 Stlth+}
rElec   .            (no cloak)
rCorr   .            T - +1 pair of gloves {Stlth+}
SInv    +            N - +0 pair of boots
Will    +....        (no amulet)
Stlth   ++           a - +5 ring of evasion
HPRegen 0.46/turn    s - ring of the Cast Vote {Wiz rN+ Dex-5 SInv}
MPRegen 0.18/turn

%: wizardry (x1)
@: lethally poisoned (0 -> -21), heroic, studying Dodging
A: horns 2, retaliatory headbutt, hooves 1, agile 1
a: Renounce Religion, Heroism, Finesse, Duel


You were on level 4 of the Spider Nest.
You worshipped Okawaru.
Okawaru was extremely pleased with you.
You visited 4 branches of the dungeon, and saw 21 of its levels.
You also visited: Bailey.

You collected 1666 gold pieces.

Inventory:

Hand Weapons
 c - a +2 broad axe of protection
 i - the +8 broad axe of Radicalism (weapon) {venom, Str+2}
   (You acquired it in a bailey)

   Str+2:     It affects your strength (+2).
Missiles
 q - 13 boomerangs (quivered)
 r - 3 silver javelins
 w - 5 javelins
 L - 3 curare-tipped darts
 O - 8 throwing nets
Armour
 b - the +0 hat of Moral Flaws (worn) {rF+ Int-3 Stlth+}
   (Okawaru gifted it to you on level 1 of the Lair of Beasts)

   Int-3:     It affects your intelligence (-3).
   rF+:       It protects you from fire.
   Stlth+:    It makes you more stealthy.
 e - a +2 kite shield (worn)
 u - the +1 pair of gloves of Cyjoth {rElec rPois Slay-6}
   (You found it on level 3 of the Dungeon)

   Slay-6:    It affects your accuracy & damage with ranged weapons and melee
   (-6).
   rElec:     It insulates you from electricity.
   rPois:     It protects you from poison
 N - a +0 pair of boots (worn)
 Q - a +0 tower shield
 T - a +1 pair of gloves of stealth (worn)
 U - a +2 chain mail of poison resistance (worn)
Jewellery
 a - a +5 ring of evasion (left hand)
 m - a ring of protection from fire
 s - the ring of the Cast Vote (right hand) {Wiz rN+ Dex-5 SInv}
   (You found it on level 2 of the Dungeon)

   [ring of wizardry]

   Wiz:       It improves your spell success rate.
   Dex-5:     It affects your dexterity (-5).
   rN+:       It protects you from negative energy.
   SInv:      It lets you see invisible.
 M - a ring of resist corrosion
 S - a ring of positive energy
 Y - a ring of flight
Wands
 p - a wand of digging (10)
 z - a wand of polymorph (16)
 A - a wand of mindburst (4)
 R - a wand of flame (36)
Scrolls
 h - 3 scrolls of noise
 v - 3 scrolls of blinking
 y - a scroll of silence
 B - a scroll of brand weapon
 C - a scroll of vulnerability
 F - 13 scrolls of teleportation
 G - 4 scrolls of revelation
 H - 6 scrolls of amnesia
 J - a scroll of enchant weapon
 K - 3 scrolls of poison
 P - a scroll of immolation
 V - a scroll of enchant armour
 X - a scroll of fog
 Z - 3 scrolls of fear
Potions
 d - 8 potions of might
 f - 2 potions of attraction
 g - 5 potions of enlightenment
 j - 4 potions of haste
 k - 4 potions of lignification
 l - 4 potions of invisibility
 n - 6 potions of heal wounds
 o - 2 potions of magic
 t - 2 potions of curing
 x - a potion of cancellation
 D - 4 potions of ambrosia
 E - 2 potions of brilliance {unknown}
 I - 5 potions of degeneration {unknown}
 W - 3 potions of berserk rage {unknown}


   Skills:
 + Level 17.9(22.9) Fighting
 - Level 18.0(23.0) Axes
 + Level 11.4(16.4) Throwing
 + Level 14.2(19.2) Armour
 + Level 14.2(19.2) Shields
 + Level 11.0 Invocations


You had 15 spell levels left.
You didn't know any spells.
Your spell library contained the following spells:

 Spells                   Type           Power      Damage    Failure   Level
 Freeze                   Ice            0%         1d3       65%         1
 Magic Dart               Conj           0%         1d3       65%         1
 Sandblast                Erth           0%         2d4       65%         1
 Shock                    Conj/Air       0%         1d3       65%         1
 Slow                     Hex            0%         N/A       65%         1
 Sting                    Conj/Alch      0%         1d3       65%         1
 Blink                    Tloc           0%         N/A       77%         2
 Cigotuvi's Dreadful Rot  Necr/Alch/Air  0%         N/A       77%         2
 Mercury Vapours          Alch/Air       0%         N/A       77%         2
 Frozen Ramparts          Ice            0%         1d1       93%         3
 Hailstorm                Conj/Ice       0%         3d5       93%         3
 Inner Flame              Hex/Fire       0%         N/A       93%         3
 Passwall                 Erth           0%         N/A       93%         3
 Stone Arrow              Conj/Erth      0%         3d7       93%         3
 Brom's Barrelling Bould  Conj/Erth      0%         2d3       100%        4
 Fulminant Prism          Conj/Alch      0%         3d5       100%        4
 Ignite Poison            Fire/Alch      0%         N/A       100%        4
 Olgreb's Toxic Radiance  Alch           0%         N/A       100%        4
 Sticky Flame             Fire/Alch      0%         2d4       100%        4
 Vhi's Electric Charge    Tloc/Air       0%         N/A       100%        4
 Alistair's Intoxication  Alch           0%         N/A       100%        5
 Borgnjor's Vile Clutch   Necr/Erth      0%         N/A       100%        5
 Freezing Cloud           Conj/Ice/Air   0%         6-21      100%        5
 Lee's Rapid Deconstruct  Erth           0%         3d4*      100%        5
 Metabolic Englaciation   Hex/Ice        0%         N/A       100%        5
 Bombard                  Conj/Erth      0%         9d1       100%        6
 Eringya's Noxious Bog    Alch           0%         4d6       100%        6
 Ignition                 Fire           0%         3d3       100%        8
 Lehudib's Crystal Spear  Conj/Erth      0%         10d2      100%        8
 Chain Lightning          Conj/Air       0%         N/A       100%        9
 Call Imp                 Summ           Unusable   N/A       N/A         2
 Tukima's Dance           Hex            Unusable   N/A       N/A         3
 Animate Armour           Summ/Erth      Unusable   N/A       N/A         4
 Summon Lightning Spire   Summ/Air       Unusable   N/A       N/A         4

Dungeon Overview and Level Annotations

Branches:
Dungeon (11/15)            Temple (1/1) D:5            Lair (5/5) D:11
 Shoals (0/4) Lair:2       Spider (4/4) Lair:3        Slime (0/5) Lair:4
 Bailey (visited)
    Orc: D:9-12

Altars:
Ashenzari
Cheibriados
Dithmenos
Elyvilon
Fedhas
Gozag
Hepliaklqana
Kikubaaqudgha
Makhleb
Nemelex Xobeh
Okawaru
Qazlal
Ru
Sif Muna
Trog
Uskayaw
Vehumet
Wu Jian
Xom
Yredelemnul
Zin
The Shining One
Jiyva


Innate Abilities, Weirdness & Mutations

You have a pair of horns on your head.
You reflexively headbutt those who attack you in melee.
You have large cloven feet.
You are agile. (Dex +4, Str/Int -1)


Message History

The boomerang hits the orb spider and shatters for extra damage.
The orb spider is almost dead.
The demonic crawler barely misses you. You furiously retaliate!
You headbutt the demonic crawler! You block the demonic crawler's attack.
The demonic crawler misses you.
Throw: 13 boomerangs
Press: ? - help, Q - select action, (/) - cycle Shift-Dir - straight line, f/p - orb spider
Aim: an orb spider (almost dead, fully charged, 72% to hit)
You throw a boomerang. The boomerang hits the orb spider!!
You kill the orb spider!
Okawaru accepts your kill.
You block the demonic crawler's attack. x3
You feel your dexterity returning.
You slice the demonic crawler!!
The demonic crawler looks as sick as possible!
You headbutt the demonic crawler, but do no damage.
The demonic crawler is almost dead.
You block the demonic crawler's attack. The demonic crawler misses you.
The demonic crawler hits you but does no damage.
You slice the demonic crawler!!
You kill the demonic crawler!
Okawaru accepts your kill.
No target in view!
No target in view!
You see here a redback corpse.
An emperor scorpion comes into view.
A ghost moth comes into view.
You barely miss the emperor scorpion.
Your headbutt misses the emperor scorpion.
The emperor scorpion stings you. The emperor scorpion claws you.
The emperor scorpion claws you but does no damage.
You hit the emperor scorpion but do no damage.
You headbutt the emperor scorpion, but do no damage.
You block the emperor scorpion's attack. x3
You slash the emperor scorpion!
The emperor scorpion is poisoned.
Your headbutt misses the emperor scorpion.
The emperor scorpion is lightly wounded.
You feel more confident with your borrowed prowess.
The emperor scorpion stings you but does no damage.
The emperor scorpion claws you but does no damage.
You block the emperor scorpion's attack.
The ghost moth stares at you.
You feel your power leaking away.
You block the emperor scorpion's attack. x2
The emperor scorpion claws you but does no damage.
You hit the emperor scorpion.
The emperor scorpion is lightly wounded.
The emperor scorpion stings you!
The emperor scorpion claws you but does no damage.
The emperor scorpion claws you.
You slash the emperor scorpion!
The emperor scorpion looks as sick as possible!
You headbutt the emperor scorpion.
The emperor scorpion is moderately wounded.
You hit the ghost moth. You block the ghost moth's attack.
The ghost moth hits you.
You feel dopey. The ghost moth stings you.
You completely miss the emperor scorpion.
The emperor scorpion is moderately wounded.
You slice the ghost moth!! The emperor scorpion stings you!
You are poisoned.
The emperor scorpion poisons you!
The emperor scorpion closely misses you.
The emperor scorpion claws you but does no damage.
You block the ghost moth's attack. x3
You hit the ghost moth but do no damage.
The ghost moth is heavily wounded.
You hit the emperor scorpion but do no damage.
You feel extremely sick.
You block the emperor scorpion's attack. x3
The ghost moth hits you but does no damage. x2
The ghost moth barely misses you.
A culicivora comes into view.
The culicivora's many legs skitter faintly.
You slash the emperor scorpion!
The emperor scorpion looks as sick as possible!
The emperor scorpion is moderately wounded.
You slash the ghost moth!
The ghost moth looks as sick as possible!
You feel very sick. The emperor scorpion stings you!
The emperor scorpion misses you.
The emperor scorpion claws you but does no damage.
The ghost moth stares at you.
You feel your power leaking away. The ghost moth closely misses you.
You block the ghost moth's attack.
The ghost moth stings you but does no damage.
A meliai comes into view. It is wielding a +0 broad axe.
The meliai buzzes angrily.
You hit the ghost moth.
The ghost moth looks as sick as possible!
Your headbutt misses the ghost moth.
The ghost moth is severely wounded.
You slash the emperor scorpion!
You feel very sick. The emperor scorpion stings you!
The emperor scorpion claws you.
The emperor scorpion claws you but does no damage.
The ghost moth completely misses you. You block the ghost moth's attack.
The ghost moth stings you.
You die...

#. ##~^...^.. #.
###......... ##.
###^^^........ ##^.
#............. #^.^
##.~........... ....
........^....^. #####
.......sy^^≈########^~..
....^.^@#####.^.^^.^....
..^.^##.†.~.....).#.....
.....^^..†.$.......†...)
..................#†....
........^...^.^...^.^.≈^
........^......^.~^#####
.^...^^ys##.^...^### ^..
......##^.##^..### #^.
..^... .^. ##### ##.


You could see an emperor scorpion (extremely poisoned), a ghost moth (invisible,
extremely poisoned), a culicivora and a meliai.

Vanquished Creatures
  Rupert (Lair:4)
  Frances (Spider:2)
  4 emperor scorpions
  4 ghost moths (Spider:4)
  3 broodmothers
  3 spark wasps
  The ghost of Beischinu the Blocker, a journeyman MiFi of Okawaru (Lair:1)
  The ghost of Keadol the Thaumaturge, a journeyman DrCj of Vehumet (Lair:1)
  The ghost of browni3141 the Severer, a journeyman MiFi of Okawaru (Lair:1)
  3 fire dragons
  Josephine (Lair:4)
  The ghost of Dablutiw the Eclecticist, a journeyman DECj of Vehumet (Lair:1)
  4 hydras
  2 entropy weavers
  Harold (Lair:1)
  A centaur warrior (D:9)
  2 boulder beetles
  The ghost of browni3141 the Cleaver, a novice MiFi (D:8)
  2 radroaches
  2 catoblepae
  A jorogumo (Spider:3)
  A two-headed ogre (D:8)
  3 death yaks (Lair:4)
  14 demonic crawlers
  The ghost of Luas the Destroyer, a novice TeFE of Vehumet (Lair:1)
  The ghost of seawaffle the Grappler, a novice TrSh of Trog (D:8)
  3 pharaoh ants
  3 skysharks
  2 orb spiders
  2 lindwurms (Lair:5)
  A steelbarb worm (Spider:3)
  A swamp dragon (Lair:5)
  7 wolf spiders
  An orc sorcerer (Bailey)
  A moth of wrath (Spider:2)
  A cyclops (D:9)
  3 manticores
  2 black mambas
  5 meliai
  11 elephants
  13 torpor snails
  12 cane toads
  The ghost of jschmitter482 the Shooter, a novice KoHu of Dithmenos (D:4)
  12 komodo dragons
  A tengu conjurer (D:9)
  5 rime drakes (Lair:5)
  2 kobold demonologists
  3 tyrant leeches (Lair:5)
  A polar bear (Lair:5)
  2 trolls (D:9)
  Prince Ribbit (D:5)
  8 hornets (Lair:5)
  16 tarantellas
  8 dream sheep (Lair:1)
  19 blink frogs
  4 slime creatures
  12 culicivoras
  13 jumping spiders
  A shadow (D:10)
  3 wraiths (Lair:4)
  4 basilisks
  4 wyverns
  61 yaks
  2 steam dragons
  43 redbacks
  Edmund (D:5)
  19 water moccasins
  2 acid dragons (Lair:5)
  13 orc warriors
  A swamp drake (Lair:5)
  3 black bears
  2 sky beasts
  2 ogres (D:7)
  20 wolves
  9 centaurs
  2 phantoms
  2 kobold brigands
  11 bullfrogs
  A scorpion (D:4)
  A gnoll sergeant (D:10)
  7 wights (D:6)
  5 killer bees (D:9)
  4 howler monkeys
  13 electric eels
  3 hounds
  A jelly (Lair:4)
  4 orc priests
  A gnoll bouda (D:9)
  An iguana (Lair:5)
  11 orc wizards
  6 adders
  18 gnolls
  A shadow imp (D:6)
  A white imp (Temple)
  2 ufetubi (Temple)
  A ribbon worm (D:2)
  30 orcs
  2 bats
  3 endoplasms (D:3)
  4 giant cockroaches
  14 goblins
  8 hobgoblins (Bailey)
  4 jackals (D:2)
  4 ball pythons
  2 frilled lizards
  10 kobolds
  5 rats
  A spectral hobgoblin (D:1)
609 creatures vanquished.

Vanquished Creatures (others)
  A culicivora (Spider:4)
1 creature vanquished.

Grand Total: 610 creatures vanquished

Notes
Turn   | Place    | Note
-------+----------+-------------------------------------------
     0 | D:1      | browni3141 the Minotaur Fighter began the quest for the
                  | Orb.
     0 | D:1      | Reached XP level 1. HP: 19/19 MP: 0/0
    61 | D:1      | Found a faded altar of an unknown god.
   161 | D:1      | Reached XP level 2. HP: 27/27 MP: 1/1
   795 | D:2      | Reached skill level 3 in Axes
   937 | D:2      | Reached XP level 3. HP: 33/33 MP: 2/2
  1379 | D:2      | Reached XP level 4. HP: 40/40 MP: 3/3
  1387 | D:2      | Identified the ring of the Cast Vote {Wiz rN+ Dex-5 SInv}
  1682 | D:3      | Got Naira's Almanac of Electricity
  1727 | D:3      | Identified the +1 pair of gloves of Cyjoth {rElec rPois
                  | Slay-6}
  2006 | D:3      | Reached skill level 4 in Axes
  2149 | D:4      | Noticed a scorpion
  2160 | D:4      | Killed a scorpion
  2161 | D:4      | Reached XP level 5. HP: 5/47 MP: 4/4
  2374 | D:4      | Found a sparkling altar of Nemelex Xobeh.
  2489 | D:4      | Found a runed translucent door.
  2490 | D:4      | Noticed jschmitter482's ghost (novice KoHu)
  2584 | D:4      | Noticed a phantom
  2587 | D:4      | Killed a phantom
  2588 | D:4      | Reached skill level 5 in Axes
  2763 | D:4      | Reached XP level 6. HP: 36/55 MP: 5/5
  2928 | D:4      | Killed jschmitter482's ghost
  2929 | D:4      | Reached skill level 5 in Fighting
  2929 | D:4      | Reached skill level 6 in Axes
  2929 | D:4      | Reached skill level 5 in Armour
  2929 | D:4      | Reached skill level 5 in Shields
  2929 | D:4      | Reached XP level 7. HP: 16/61 MP: 6/6
  3096 | D:5      | Entered Level 5 of the Dungeon
  3097 | D:5      | Noticed Edmund
  3115 | D:5      | Killed Edmund
  3288 | D:5      | Found a staircase to the Ecumenical Temple.
  3296 | D:5      | Noticed Prince Ribbit
  3300 | Temple   | Entered the Ecumenical Temple
  3318 | Temple   | Became a worshipper of Warmaster Okawaru
  3341 | D:5      | Killed Prince Ribbit
  3342 | D:5      | Reached skill level 7 in Axes
  4281 | D:6      | Reached XP level 8. HP: 65/70 MP: 7/7
  4304 | D:6      | Reached skill level 1 in Throwing
  4304 | D:6      | Reached skill level 1 in Invocations
  4483 | D:6      | Found an ornate altar of the Wu Jian Council.
  4573 | D:6      | Found a sacrificial altar of Ru.
  4668 | D:6      | Reached * piety under Okawaru
  5035 | D:7      | Reached skill level 8 in Axes
  5290 | D:7      | Reached ** piety under Okawaru
  5443 | D:7      | Reached XP level 9. HP: 64/79 MP: 8/10
  6457 | D:7      | Reached skill level 9 in Axes
  6871 | D:8      | Reached *** piety under Okawaru
  7135 | D:8      | Found a shimmering blue altar of Sif Muna.
  7158 | D:8      | Noticed a two-headed ogre
  7166 | D:8      | Killed a two-headed ogre
  7167 | D:8      | Reached skill level 10 in Axes
  7167 | D:8      | Reached XP level 10. HP: 45/88 MP: 8/12
  7348 | D:8      | Found a runed translucent gate.
  7348 | D:8      | Found a runed translucent gate.
  7348 | D:8      | Found a runed translucent gate.
  7349 | D:8      | Noticed browni3141's ghost (novice MiFi)
  7350 | D:8      | Noticed seawaffle's ghost (novice TrSh)
  7431 | D:8      | Found a burning altar of Makhleb.
  7440 | D:8      | Found a shadowy altar of Dithmenos.
  7522 | D:9      | Noticed a cyclops
  7530 | D:9      | Killed a cyclops
  7530 | D:9      | Reached **** piety under Okawaru
  7693 | D:9      | Found a flagged portal.
  7891 | Bailey   | Entered a bailey
  8440 | Bailey   | Found an iron altar of Okawaru.
  8444 | Bailey   | Identified the +4 orcbow "Kuishr Selo" {heavy, rElec rC-
                  | rN+ rCorr}
  8447 | Bailey   | Noticed an orc sorcerer
  8453 | Bailey   | Killed an orc sorcerer
  8454 | Bailey   | Reached skill level 11 in Axes
  8454 | Bailey   | Reached skill level 5 in Throwing
  8698 | Bailey   | Reached skill level 5 in Invocations
  8904 | Bailey   | Acquired a manual of Fighting
  8906 | Bailey   | Acquired the +8 broad axe of Radicalism {venom, Str+2}
  9095 | D:9      | Noticed a centaur warrior
  9096 | D:9      | Noticed a fire dragon
  9096 | D:9      | Noticed a manticore
  9096 | D:9      | Noticed a meliai
  9108 | D:9      | Killed a centaur warrior
  9108 | D:9      | Killed a meliai
  9108 | D:9      | Reached ***** piety under Okawaru
  9109 | D:9      | Reached XP level 11. HP: 30/97 MP: 5/14
  9115 | D:9      | Killed a fire dragon
  9128 | D:9      | Reached skill level 12 in Axes
  9131 | D:9      | Reached skill level 10 in Fighting
  9204 | D:9      | Received a gift from Okawaru
  9492 | D:9      | Got the Grimoire of the Alembic and Clay
  9773 | D:9      | Found a hazy altar of Hepliaklqana.
  9910 | D:9      | Found a glowing golden altar of the Shining One.
 10230 | D:8      | Killed seawaffle's ghost
 10237 | D:8      | Killed browni3141's ghost
 10374 | D:10     | Entered Level 10 of the Dungeon
 10387 | D:10     | Received a gift from Okawaru
 10589 | D:10     | Noticed a catoblepas
 10598 | D:10     | Killed a catoblepas
 10609 | D:10     | Reached skill level 13 in Axes
 10838 | D:10     | Reached skill level 10 in Armour
 11126 | D:10     | Reached XP level 12. HP: 110/110 MP: 15/15
 11467 | D:11     | Noticed a boulder beetle
 11482 | D:11     | Killed a boulder beetle
 11483 | D:11     | Reached skill level 10 in Shields
 11517 | D:11     | Found a staircase to the Lair.
 11535 | Lair:1   | Entered Level 1 of the Lair of Beasts
 11925 | Lair:1   | Found a runed translucent gate.
 11925 | Lair:1   | Found a runed translucent gate.
 11925 | Lair:1   | Found a runed translucent gate.
 11931 | Lair:1   | Noticed Luas's ghost (novice TeFE)
 11932 | Lair:1   | Noticed Beischinu's ghost (journeyman MiFi)
 12264 | Lair:1   | Received a gift from Okawaru
 12276 | Lair:1   | Noticed Harold
 12284 | Lair:1   | Killed Harold
 12528 | Lair:1   | Reached skill level 14 in Axes
 12700 | Lair:1   | Noticed a catoblepas
 12720 | Lair:1   | Killed a catoblepas
 12900 | Lair:1   | Noticed browni3141's ghost (journeyman MiFi)
 12900 | Lair:1   | Noticed Keadol's ghost (journeyman DrCj)
 12900 | Lair:1   | Noticed Dablutiw's ghost (journeyman DECj)
 13029 | Lair:1   | Killed Dablutiw's ghost
 13043 | Lair:1   | Killed browni3141's ghost
 13043 | Lair:1   | Killed Luas's ghost
 13044 | Lair:1   | Killed Keadol's ghost
 13044 | Lair:1   | Reached ****** piety under Okawaru
 13049 | Lair:1   | Killed Beischinu's ghost
 13049 | Lair:1   | Received a gift from Okawaru
 13080 | Lair:1   | Acquired a +2 vampiric broad axe
 13080 | Lair:1   | Received a gift from Okawaru
 13081 | Lair:1   | Acquired the +0 hat of Moral Flaws {rF+ Int-3 Stlth+}
 13081 | Lair:1   | Received a gift from Okawaru
 13290 | Lair:1   | Identified the staff "Ogossif" {rF+ Conj}
 13405 | Lair:2   | Noticed a five-headed hydra
 13429 | Lair:2   | Killed a five-headed hydra
 13430 | Lair:2   | Reached XP level 13. HP: 86/122 MP: 15/17
 13649 | Lair:2   | Found the +4 robe of Augmentation {Str+4 Int+4 Dex+4}
 13868 | Lair:2   | Found a staircase to the Shoals.
 13966 | Lair:2   | Received a gift from Okawaru
 14288 | Lair:3   | Reached skill level 15 in Axes
 15171 | Lair:3   | Found a hole to the Spider Nest.
 15915 | Lair:4   | Received a gift from Okawaru
 16023 | Lair:4   | Gained mutation: Your muscles are strong. (Str +4, Int/Dex
                  | -1) [potion of mutation]
 16045 | Lair:4   | Noticed Josephine
 16052 | Lair:4   | Killed Josephine
 16057 | Lair:4   | Lost mutation: Your muscles are strong. (Str +4, Int/Dex
                  | -1) [potion of mutation]
 16057 | Lair:4   | Gained mutation: You are clumsy. (Dex -2) [potion of
                  | mutation]
 16057 | Lair:4   | Gained mutation: You are partially covered in iridescent
                  | scales. (AC +2) [potion of mutation]
 16058 | Lair:4   | Lost mutation: You are partially covered in iridescent
                  | scales. (AC +2) [potion of mutation]
 16058 | Lair:4   | Lost mutation: You are clumsy. (Dex -2) [potion of
                  | mutation]
 16058 | Lair:4   | Gained mutation: You occasionally shout uncontrollably at
                  | your foes. [potion of mutation]
 16058 | Lair:4   | Gained mutation: You are weak. (Str -2) [potion of
                  | mutation]
 16058 | Lair:4   | Gained mutation: You are clumsy. (Dex -2) [potion of
                  | mutation]
 16058 | Lair:4   | Lost mutation: You are weak. (Str -2) [potion of mutation]
 16059 | Lair:4   | Lost mutation: You are clumsy. (Dex -2) [potion of
                  | mutation]
 16059 | Lair:4   | Lost mutation: You occasionally shout uncontrollably at
                  | your foes. [potion of mutation]
 16059 | Lair:4   | Gained mutation: You are agile. (Dex +4, Str/Int -1)
                  | [potion of mutation]
 16059 | Lair:4   | Gained mutation: You have large cloven feet. [potion of
                  | mutation]
 16087 | Lair:4   | Identified the +6 dagger of Vohuom {drain, rElec rPois rF-
                  | Dex+3}
 16088 | Lair:4   | Found a staircase to the Slime Pits.
 16088 | Lair:4   | Found a viscous altar of Jiyva.
 16096 | Lair:4   | Noticed Rupert
 16115 | Lair:4   | Received a gift from Okawaru
 16119 | Lair:4   | Killed Rupert
 16453 | Lair:4   | Reached skill level 16 in Axes
 16453 | Lair:4   | Reached XP level 14. HP: 101/133 MP: 19/19
 17146 | Lair:5   | Entered Level 5 of the Lair of Beasts
 17150 | Lair:5   | Reached skill level 15 in Fighting
 17287 | Lair:5   | Received a gift from Okawaru
 18180 | Lair:5   | Received a gift from Okawaru
 18813 | Lair:5   | Reached skill level 17 in Axes
 19034 | Lair:5   | Received a gift from Okawaru
 19042 | Lair:5   | Reached skill level 10 in Throwing
 19361 | Spider:1 | Entered Level 1 of the Spider Nest
 19605 | Spider:1 | Noticed an emperor scorpion
 19620 | Spider:1 | Killed an emperor scorpion
 19653 | Spider:2 | Noticed Frances
 19668 | Spider:2 | Killed Frances
 19773 | Spider:2 | Reached XP level 15. HP: 121/145 MP: 18/21
 19900 | Spider:3 | Reached skill level 10 in Invocations
 20104 | Spider:3 | Received a gift from Okawaru
 20557 | Spider:4 | Entered Level 4 of the Spider Nest
 20920 | Spider:4 | Received a gift from Okawaru
 20921 | Spider:4 | Reached skill level 18 in Axes
 21295 | Spider:4 | Got the Compilation of Charms and Alteration
 21855 | Spider:4 | Received a gift from Okawaru
 21876 | Spider:4 | Noticed an emperor scorpion
 21889 | Spider:4 | Killed an emperor scorpion
 21941 | Spider:4 | Noticed an emperor scorpion
 21954 | Spider:4 | Killed an emperor scorpion
 22058 | Spider:4 | Noticed an emperor scorpion
 22070 | Spider:4 | Killed an emperor scorpion
 22341 | Spider:4 | Reached XP level 16. HP: 138/157 MP: 1/23
 22467 | Spider:4 | HP: 5/157 [emperor scorpion (14)]
 22467 | Spider:4 | HP: 2/157 [emperor scorpion (3)]
 22467 | Spider:4 | Slain by a ghost moth

Illustrated notes

Levels and vault maps discovered:
D:1:      evilmike_arrival_plus, layout_loops_ring,
          dreamdust_ecumenical_altar_drowned_temple, minivault_27,
          moated_statue, patterned_corridor
D:2:      layout_basic, kennysheep_donut
D:3:      layout_loops_cross
D:4:      layout_gridville, nemelex_diamond_rough_becter, gammafunk_ghost_grave
D:5:      layout_layer_cave, minmay_temple_entry_sparse_star,
          uniq_prince_ribbit1, uniq_edmund
D:6:      layout_cave_pods, mainiacjoe_overflow_catch_the_wave
D:7:      layout_layer_cave
D:8:      layout_basic, nicolae_overflow_crystal_walls,
          mainiacjoe_overflow_swirl, gammafunk_ghost_cemetery,
          kennysheep_cross_bottleneck
D:9:      minmay_the_grid_octo_triangle [minmay_the_grid_octo_empty,
          minmay_the_grid_octo_prize_big_c, minmay_the_grid_octo_thin_diamonds],
          layout_irregular_city, tso_altar, nzn_hepliaklqana_mist_gate,
          enter_bailey_8, lightli_minifort
D:10:     nzn_motion_control, layout_basic
D:11:     layout_long_grid, david_lair_shrubbed, hiddenorc1_lemuel
Temple:   nicolae_temple_two_arcs
Lair:1:   layout_long_grid, gammafunk_ghost_cemetery, serial_bayou,
          serial_bayou_shore_a, serial_bayou_crossing, serial_bayou_pond_b,
          serial_bayou_lagoon_b, beast_lair_carwin_11, uniq_harold
Lair:2:   layout_loops_ring, minmay_shoals_entry_centaurs, serial_bayou_shore_b,
          grunt_megastairs_1
Lair:3:   layout_gridlike, spider_nest_entry_webs, infiniplex_staircase_pool
Lair:4:   layout_regular_city, minmay_slime_entry_pillars, minivault_25,
          grunt_megastairs_3, uniq_rupert, uniq_josephine
Lair:5:   wormcave, layout_big_grid, guppyfry_lair_end_dragon
Spider:1: layout_cave_pods
Spider:2: layout_spider_delve, uniq_arachne, uniq_frances
Spider:3: layout_spider_delve
Spider:4: grunt_spider_rune_parallel, worms_lemuel

Skill      XL: |  1  2  3  4  5  6  7  8  9 10 11 12 13 14 15 16 |
---------------+-------------------------------------------------+-----
Axes           | 3 4 5 6 7 8 10 11 13 14 16 17 18 | 18.0
Fighting       | 4 5 6 7 8 9 11 13 14 16 17 | 17.9
Armour         | 4 5 6 7 9 10 11 12 13 14 | 14.2
Shields        | 4 5 6 7 9 11 12 14 | 14.2
Throwing       | 2 4 5 6 8 9 10 11 | 11.4
Invocations    | 2 4 5 6 7 8 9 10 11 | 11.0

Action                     |  1- 3 |  4- 6 |  7- 9 | 10-12 | 13-15 | 16-18 || total
---------------------------+-------+-------+-------+-------+-------+-------++-------
  Melee: War axe           |    68 |    68 |   205 |    86 |       |       ||   427
         Headbutt          |    11 |    12 |    39 |    96 |   179 |    10 ||   347
         Broad axe         |       |       |       |   338 |   725 |    46 ||  1109
  Throw: Boomerang         |       |       |     3 |     8 |   147 |     4 ||   162
 Invoke: Heroism           |       |       |     2 |     8 |    19 |     2 ||    31
         Finesse           |       |       |       |     1 |     2 |       ||     3
         Receive Weapon    |       |       |       |     1 |       |       ||     1
         Receive Armour    |       |       |       |     1 |       |       ||     1
  Evoke: Wand              |       |       |       |    16 |       |       ||    16
    Use: Scroll            |       |     2 |     2 |    12 |    15 |       ||    31
         Potion            |       |     3 |       |     6 |     5 |       ||    14
   Stab: Confused          |       |       |       |       |     1 |       ||     1
 Armour: Scale mail        |    43 |    51 |   168 |    57 |       |       ||   319
         Chain mail        |       |       |       |   310 |   516 |    57 ||   883
  Dodge: Dodged            |    41 |    29 |    87 |   133 |   397 |    29 ||   716
  Block: Buckler           |    19 |     9 |       |       |       |       ||    28
         Kite shield       |       |    10 |   108 |   231 |   546 |    56 ||   951
